 Dungeon Crawl Stone Soup version 0.31-a0-303-gdc8c9485ea (webtiles) character file.

Game seed: 1206904325231277378

55 Zonian the Changeling (level 3, 0/16 HPs)
             Began as a Felid Shapeshifter on July 16, 2023.
             Slain by an endoplasm (1 damage)
             ... on level 3 of the Dungeon.
             The game lasted 00:02:38 (1694 turns).

Zonian the Changeling (Felid Shapeshifter)          Turns: 1694, Time: 00:02:39

Health: 0/16       AC:  1    Str: 13    XL:     3   Next: 67%
Magic:  4/4        EV: 18    Int:  9    God:
Gold:   107        SH:  5    Dex: 16    Spells: 2/2 levels left
                                        Lives:  0   Deaths: 0

rFire   . .          .
                       - Unarmed
rCold   . . .        (shield unavailable)
rNeg    . . .        (body armour unavailable)
rPois   .            (helmet unavailable)
rElec   .            (cloak unavailable)
rCorr   .            (gloves unavailable)
SInv    +            (boots unavailable)
Will    .....        g - amulet of reflection
Stlth   +            (no ring)
HPRegen 0.22/turn    (no ring)
MPRegen 0.09/turn

%: reflection
@: mighty, beast-form, attractive, quick
A: beast (slay +2), very small, claws 1, fangs 3, see invisible, speed 1, shaggy
fur 1, stealthy paws, no weapons or thrown items, no armour, multi-lived
a: Begin Untransformation


You were on level 3 of the Dungeon.
You were a hulking beast.
You visited 1 branch of the dungeon, and saw 3 of its levels.

You collected 107 gold pieces.

Inventory:

Jewellery
 g - an amulet of reflection (around neck)
Talismans
 b - a beast talisman
 j - a beast talisman
Scrolls
 d - 2 scrolls of teleportation {unknown}
 h - a scroll of identify {unknown}
 k - a scroll of enchant weapon {unknown}
 l - a scroll of revelation {unknown}
Potions
 a - 3 potions of lignification
 e - a potion of berserk rage {unknown}
 f - a potion of brilliance {unknown}
 i - a potion of might


   Skills:
 + Level 2.7 Fighting
 + Level 3.5 Dodging
 + Level 2.6 Unarmed Combat
 + Level 3.6 Shapeshifting


You had 2 spell levels left.
You didn't know any spells.
Your spell library was empty.

Dungeon Overview and Level Annotations

Branches:
Dungeon (3/15)

Altars:
Cheibriados


Innate Abilities, Weirdness & Mutations

You are a hulking beast.
Your limbs bulge with bestial killing power. (Slay +2)
You have sharp claws.
You have razor-sharp teeth.
You have supernaturally acute eyesight. (SInv)
You cover ground quickly. (Speed+)
You are covered in fur. (AC +1)
Your paws help you pounce on unaware monsters.
You are incapable of wielding weapons or throwing items.
You cannot wear armour.
You gain extra lives every three experience levels.


Message History

The orc priest casts a cantrip, but nothing happens.
The bat completely misses you.
An adder comes into view.
The adder hisses angrily.
The adder misses you. The bat misses you. The adder attacks as you move away!
The adder bites you.
You are poisoned.
The adder poisons you!
You feel sick. You block the bat's attack.
Unknown command.
The bat attacks as you move away! The bat hits you but does no damage.
Found 5 gold pieces and a fizzy orange potion.
You feel sick. The bat misses you.
The quokka twitches its whiskers.
The bat closely misses you.
Unknown command.
You claw the adder!
The adder is heavily wounded.
You feel sick. The bat hits you but does no damage.
The adder completely misses you. The bat closely misses you.
You scratch the adder.
The adder is almost dead.
You feel sick. The bat hits you but does no damage.
The adder barely misses you.
Unknown command.
You barely miss the adder.
The adder is almost dead.
You feel sick.
You are no longer poisoned.
The bat closely misses you. The bat hits you.
* * * LOW HITPOINT WARNING * * *
The adder bites you but does no damage.
The orc priest begins to cast a cantrip, but forgets the words!
It was a potion of attraction.
You feel attractive to monsters.
The bat misses you. x2; The adder misses you. x2
The orc priest is attracted toward you. The goblin is attracted toward you.
It was a potion of might.
You feel very mighty all of a sudden. The bat misses you.
The adder completely misses you. The endoplasm hits you.
You die...

#..... #..... ..# #.....
.. ....! #.# . ... ....
##.. .. # ... #.. #..
.#.# .8 #..###.# .#.# ..
#..hb#.####...#..##.
#...J#Sog.ยงยง...##..##.
#$##...r####..#.#...##.
#.#######.$#...#$.#<
...............###...
.......................
.... .(.........?####.w
.##. >.................
#......g.o.##.....


You could see an orc priest, an adder, an endoplasm, a quokka, a goblin and a
bat.

Vanquished Creatures
  A worm (D:2)
  2 bats (D:1)
  7 endoplasms
  9 giant cockroaches
  A goblin (D:2)
  6 hobgoblins (D:1)
  A quokka (D:1)
  2 ball pythons
  2 frilled lizards
  9 kobolds
  7 rats
47 creatures vanquished.

Notes
Turn   | Place    | Note
-------+----------+-------------------------------------------
     0 | D:1      | Zonian the Felid Shapeshifter began the quest for the Orb.
     0 | D:1      | Reached XP level 1. HP: 9/9 MP: 2/2
    69 | D:1      | Reached XP level 2. HP: 13/13 MP: 3/3
   485 | D:1      | Reached XP level 3. HP: 7/16 MP: 4/4
  1452 | D:2      | Found a snail-covered altar of Cheibriados.
  1694 | D:3      | Slain by an endoplasm

Illustrated notes

Levels and vault maps discovered:
D:1:      dpeg_arrival_stonehenge_12_columns, layout_loops_ring
D:2:      layout_loops_corners, basic_altar, minmay_worlds_worst_comb
D:3:      layout_rooms, shapermc_ecumenical_altar_pompeii, serial_aquarium,
          aquarium_bridge_straight [aquarium_subvault_bridge,
          aquarium_subvault_wall, aquarium_subvault_bridge,
          aquarium_subvault_window], aquarium_window_corridor_2,
          aquarium_window_1, aquarium_view_2c, aquarium_view_2c, hex_medium,
          minmay_crystal_water, uniq_natasha, uniq_jessica

Skill      XL: |  1 |
---------------+----+-----
Dodging        | 3 |  3.5
Fighting       | |  2.7
Unarmed Combat | |  2.6
Shapeshifting  | |  3.6

Action                     || total
---------------------------++-------
  Melee: Unarmed           ||    95
         Bite              ||    10
    Use: Potion            ||     2
   Stab: Sleeping          ||     4
 Armour: Skin              ||     9
  Dodge: Dodged            ||    77
  Block: Other             ||     9

Table legend: (Time is in decaauts)
 A = Elapsed time spent in this place.
 B = Non-inter-level travel time spent in this place.
 C = Inter-level travel time spent in this place.
 D = Time resting spent in this place.
 E = Time spent auto-exploring this place.
 F = Levels seen in this place.
 G = Mean time per level.
                   A        B        C        D        E       F      G
               +--------+--------+--------+--------+--------+-----+--------+
         Total |   1444 |   1403 |     41 |    227 |    910 |   3 |  481.3 |
       Dungeon |   1444 |   1403 |     41 |    227 |    910 |   3 |  481.3 |
               +--------+--------+--------+--------+--------+-----+--------+

Top non-repeatable levels by time:
     D:1: 750 daAuts
     D:2: 668 daAuts
     D:3: 25 daAuts
